[Event "January 9 Early 2024"]
[Site "https://www.chess.com"]
[Date "2024.01.11"]
[Round "2"]
[White "Ovezdurdyyeva, Jemal"]
[Black "Feliz Dotel, Dewar Bienvenido"]
[Result "1/2-1/2"]
[Board "323"]
[TimeControl "180+1"]
[WhiteFideId "14001888"]
[BlackFideId "6402801"]
[WhiteElo "2445"]
[BlackElo "2151"]
[WhiteTeam "TKM"]
[BlackTeam "DOM"]
[WhiteClock "0:00:12"]
[BlackClock "0:00:07"]

1. e4 c5 2. Nf3 g6 3. c3 Nf6 4. Bd3 d5 5. e5 Nfd7 6. O-O Nc6 7. Re1 e6 8. Bf1 c4 9. b3 Bg7 10. bxc4 dxc4 11. Bxc4 Ndxe5 12. Bb5 O-O 13. d4 Nxf3+ 14. Qxf3 Ne7 15. Bg5 a6 16. Bd3 h6 17. Bh4 Qc7 18. Nd2 Nf5 19. Bxf5 exf5 20. Re7 Qc6 21. h3 Be6 22. Qxc6 bxc6 23. Bg3 c5 24. Nf3 cxd4 25. cxd4 Bd5 26. Ne5 Rfe8 27. Rxe8+ Rxe8 28. a4 g5 29. f3 f4 30. Be1 Bxe5 31. dxe5 Rxe5 32. Rd1 Bb3 33. Rd8+ Kh7 34. Bc3 Re3 35. Bd4 Rd3 36. a5 Bc4 37. Rh8+ Kg6 38. Bc5 Bb5 39. Bf8 Rd1+ 40. Kh2 Rd2 41. Rxh6+ Kf5 42. Rh7 Bf1 43. Rxf7+ Kg6 44. Ra7 Rxg2+ 45. Kh1 Rg3 46. Rg7+ Kf6 47. Rb7 Rxh3+ 48. Kg1 Bb5 49. Rb6+ Kf5 50. Be7 Rg3+ 51. Kf2 Rh3 52. Rf6+ Ke5 53. Rg6 Rh2+ 54. Kg1 Rh3 55. Rxg5+ Ke6 56. Bd8 Rxf3 57. Kg2 Rg3+ 58. Kf2 Rxg5 59. Bxg5 Kf5 60. Bh6 Ke4 61. Bf8 f3 62. Bc5 Be2 63. Bb6 Kd5 64. Be3 Kc4 65. Bb6 Kb5 66. Ke3 Kc4 67. Kf2 Kb5 68. Ke3 Kc6 69. Kf2 Kb5 1/2-1/2

[Event "January 9 Early 2024"]
[Site "https://www.chess.com"]
[Date "2024.01.11"]
[Round "2"]
[White "Jakubowski, Krzysztof"]
[Black "Martinez Alcantara, Jose Eduardo"]
[Result "1/2-1/2"]
[Board "324"]
[TimeControl "180+1"]
[WhiteFideId "1112848"]
[BlackFideId "3805662"]
[WhiteElo "2672"]
[BlackElo "3030"]
[WhiteTeam "POL"]
[BlackTeam "PER"]
[WhiteClock "0:00:13"]
[BlackClock "0:00:43"]

1. e4 c5 2. Nf3 d6 3. d4 cxd4 4. Nxd4 a6 5. Nc3 e6 6. Be3 b5 7. Bd3 Bb7 8. O-O Nd7 9. a3 Ngf6 10. f4 Be7 11. Qf3 O-O 12. Rae1 Rc8 13. g4 Nc5 14. g5 Nfd7 15. h4 Re8 16. f5 Ne5 17. Qd1 Bf8 18. f6 Ncxd3 19. cxd3 d5 20. Rf2 dxe4 21. dxe4 Nc4 22. fxg7 Bxg7 23. Qf3 Bxd4 24. Qxf7+ Kh8 25. Bxd4+ Qxd4 26. Rd1 Qg7 27. Rd7 Rg8 28. Rxb7 Ne5 29. Qxg7+ Rxg7 30. Rb6 Ng6 31. Rh2 Ne5 32. Kg2 Rc6 33. Rxc6 Nxc6 34. Kf3 Ne5+ 35. Kf4 Nc4 36. e5 Rf7+ 37. Ke4 Rf5 38. Kd4 Nxe5 39. Rh3 Nc6+ 40. Ke4 Re5+ 41. Kd3 Re1 42. Kd2 Rg1 43. Ne4 Rg2+ 44. Kc3 a5 45. Rf3 Rg4 46. Nc5 b4+ 47. axb4 axb4+ 48. Kd2 Nd4 49. Rf7 Rxh4 50. Rd7 Nf3+ 51. Ke2 Nxg5 52. Rb7 Rf4 53. Ke3 Rf5 54. Nd7 Rf7 55. Rb8+ Kg7 56. Ne5 Rf5 57. Rb7+ Kh6 58. Ng4+ Kh5 59. Nf2 Kg6 60. Rxb4 h5 61. Rb8 Re5+ 62. Kf4 Rf5+ 63. Ke3 h4 64. Nd3 h3 65. Rh8 Kg7 66. Rh4 Rb5 67. b4 Kg6 68. Nf4+ Kf5 69. Nxh3 Nxh3 70. Rxh3 Rxb4 71. Rh5+ Kf6 72. Rh6+ Ke7 73. Rh8 Kd6 74. Ra8 Rb6 75. Ra5 Rc6 76. Rb5 Ke7 77. Ra5 Rd6 78. Rb5 Kf6 79. Ra5 Rd8 80. Rb5 Ra8 81. Rc5 Ra3+ 82. Ke4 Ra4+ 83. Ke3 Ra1 84. Ke4 Ra4+ 85. Ke3 e5 86. Rc8 Ke7 87. Rc6 Kd7 88. Rh6 Rb4 89. Rg6 Rd4 90. Rh6 Ke7 91. Rg6 Ra4 92. Rh6 Kf7 93. Rb6 Rf4 94. Rc6 Rf6 95. Rxf6+ Kxf6 96. Ke4 Ke6 97. Ke3 Kd6 98. Ke4 Ke6 99. Ke3 Kd5 100. Kd3 e4+ 101. Ke3 Ke5 102. Ke2 Kf5 103. Ke3 Ke5 104. Ke2 Kd4 105. Kd2 e3+ 106. Ke2 Ke4 107. Ke1 Kd3 108. Kd1 Kd4 109. Ke2 Ke4 110. Ke1 Kf4 111. Ke2 Ke4 1/2-1/2

[Event "January 9 Early 2024"]
[Site "https://www.chess.com"]
[Date "2024.01.11"]
[Round "2"]
[White "Halkias, Stelios"]
[Black "Harriott, Tyrell"]
[Result "1-0"]
[Board "325"]
[TimeControl "180+1"]
[WhiteFideId "4201809"]
[BlackFideId "2086484"]
[WhiteElo "2729"]
[BlackElo "2345"]
[WhiteTeam "GRE"]
[BlackTeam "USA"]
[WhiteClock "0:00:21"]
[BlackClock "0:00:09"]

1. Nf3 d5 2. d4 e6 3. c4 c6 4. g3 Bd6 5. Bg2 f5 6. O-O Nf6 7. b3 O-O 8. Ba3 f4 9. Qc1 fxg3 10. hxg3 Bxa3 11. Nxa3 h6 12. Nc2 Ng4 13. Ne3 Nf6 14. Ne5 Qe8 15. Qc2 Nbd7 16. Rad1 Nxe5 17. dxe5 Nd7 18. f4 Qh5 19. Rf2 Rf7 20. Bf3 Qh3 21. Rg2 h5 22. Qg6 Nf8 23. Qxh5 Qxh5 24. Bxh5 g6 25. Bf3 Bd7 26. Ng4 Kg7 27. e4 dxc4 28. bxc4 c5 29. Nf6 Bc6 30. g4 Nh7 31. g5 Rh8 32. Rh2 a6 33. Rd6 Re7 34. Kf2 Nf8 35. Rxh8 Kxh8 36. Ke3 Kg7 37. Bg4 Kf7 38. Kd2 Rc7 39. Ke3 Re7 40. Bd1 Rc7 41. a4 Re7 42. a5 Rc7 43. Bg4 Re7 44. Bh3 Rc7 45. Ng4 Ke7 46. Nf2 Rd7 47. Nd3 Rxd6 48. exd6+ Kxd6 49. e5+ Kc7 50. Nxc5 Bd7 51. Kd4 Bc8 52. Bg2 Kb8 53. Na4 Kc7 54. Be4 Bd7 55. Nc5 Bc6 56. Kc3 Bxe4 57. Nxe4 Kc6 58. Nd6 Nd7 59. Nc8 Nf8 60. Kd4 Kd7 61. Nd6 Kc6 62. Nf7 Nd7 63. Nd8+ Kc7 64. Nxe6+ Kc6 65. Nd8+ Kc7 66. Nf7 Nf8 67. Kd5 Kd7 68. Nd6 Kc7 69. Ne8+ Kd7 70. Nf6+ Ke7 71. Ng8+ Kf7 72. Nh6+ Ke7 73. Ng8+ Kf7 74. Nf6 Ke7 75. Kc5 Kd8 76. Kb6 Kc8 77. c5 Ne6 78. Nd5 Nd4 79. Ne7+ Kd7 80. Nxg6 Kc8 81. Ne7+ Kb8 82. f5 Nc6 83. Nxc6+ bxc6 84. f6 Kc8 85. f7 Kd7 86. f8=Q Ke6 87. Qf6+ Kd5 88. Qxc6+ Kd4 89. Kxa6 Kc4 90. Kb6 Kb4 91. a6 Kc4 92. a7 Kc3 93. Qd6 Kc4 94. e6 Kc3 95. e7 Kc2 96. e8=Q Kc3 97. Qe3+ Kc2 98. Qdd3+ 1-0

[Event "January 9 Early 2024"]
[Site "https://www.chess.com"]
[Date "2024.01.11"]
[Round "2"]
[White "Senft, Sean"]
[Black "Bartel, Mateusz"]
[Result "1/2-1/2"]
[Board "326"]
[TimeControl "180+1"]
[WhiteFideId "2044960"]
[BlackFideId "1112635"]
[WhiteElo "2556"]
[BlackElo "2820"]
[WhiteTeam "USA"]
[BlackTeam "POL"]
[WhiteClock "0:00:11"]
[BlackClock "0:00:10"]

1. d4 Nf6 2. c4 Nc6 3. Nc3 e5 4. d5 Ne7 5. e4 Ng6 6. Be3 Bb4 7. Bd3 b6 8. f3 Nh5 9. Ne2 O-O 10. O-O Bc5 11. Bxc5 bxc5 12. g3 d6 13. f4 Bg4 14. f5 Nh8 15. Qd2 Nf6 16. Nc1 Nd7 17. Qg2 f6 18. h3 Bh5 19. g4 Be8 20. Nb3 g5 21. Kf2 Rf7 22. Rh1 Rg7 23. Qf3 Rb8 24. h4 gxh4 25. Rxh4 Nf7 26. Rah1 Ng5 27. Qe2 Nf8 28. Qc2 c6 29. Nd2 Qa5 30. Nf3 Qc7 31. Nxg5 Rxg5 32. Kf3 Qg7 33. Qh2 Rb7 34. b3 Rc7 35. Qb2 Rb7 36. Qh2 a5 37. Qh3 Rb4 38. Bc2 Rb8 39. Qh2 Rd8 40. Nd1 cxd5 41. cxd5 Rb8 42. Nf2 Bb5 43. Nh3 c4 44. Qd2 cxb3 45. Bxb3 a4 46. Bc2 Be8 47. Nxg5 fxg5 48. Rh6 Rb2 49. Qc3 Rxa2 50. Rxd6 Qa7 51. Rd8 Qe7 52. Rb8 Bf7 53. Bd3 Qd6 54. Rc8 Ra3 55. Qc2 Qb4 56. Rc1 Qd4 57. Rc3 Rxc3 58. Qxc3 Qb6 59. Qc4 Qb2 60. Qc3 Qb6 61. Bc4 Qc5 62. Qe3 Qd6 63. Qc3 h6 64. Ba2 Qb6 65. Qc5 Qb2 66. Rc2 Qa1 67. Qc3 Qf1+ 68. Ke3 Qf4+ 69. Ke2 Qxe4+ 70. Qe3 Qxg4+ 71. Kd2 Qxf5 72. d6 Bxa2 73. Rxa2 Qe6 74. Rxa4 Qxd6+ 75. Ke2 Qf6 76. Ra8 Kg7 77. Qb3 Ne6 78. Ra7+ Kg6 79. Qb7 Nd4+ 80. Kd3 Qf5+ 81. Kc4 Qe6+ 82. Kd3 Kh5 83. Qf7+ Qxf7 84. Rxf7 Kg4 85. Ke4 h5 86. Kxe5 Nf3+ 87. Ke4 Ng1 88. Ke3 Nh3 89. Ke2 h4 90. Kf1 Nf4 91. Kg1 Kg3 92. Ra7 Nh3+ 93. Kh1 Nf2+ 94. Kg1 Ne4 95. Ra3+ Kf4 96. Kg2 g4 97. Kh2 Ng5 98. Ra4+ Kf5 99. Ra5+ Kf4 100. Ra4+ Ne4 101. Kg2 h3+ 102. Kh2 Kf3 103. Ra3+ Ke2 104. Ra4 Ke3 105. Ra3+ Kf4 106. Ra4 Kf5 107. Ra5+ Kg6 108. Ra4 Kf5 109. Ra5+ Kf4 110. Ra4 1/2-1/2

[Event "January 9 Early 2024"]
[Site "https://www.chess.com"]
[Date "2024.01.11"]
[Round "2"]
[White "Pranav, V"]
[Black "Aarav Dengla"]
[Result "1-0"]
[Board "327"]
[TimeControl "180+1"]
[WhiteFideId "25060783"]
[BlackFideId "45059756"]
[WhiteElo "3031"]
[BlackElo "2658"]
[WhiteTeam "IND"]
[BlackTeam "IND"]
[WhiteClock "0:00:08"]
[BlackClock "0:00:10"]

1. e4 c5 2. Nf3 d6 3. d4 cxd4 4. Nxd4 Nf6 5. Nc3 a6 6. h3 e5 7. Nf3 Be7 8. g4 Be6 9. g5 Nfd7 10. Be3 Nc6 11. Nd5 Rc8 12. c3 Na5 13. Nd2 Bxg5 14. Rg1 Bxe3 15. Nxe3 O-O 16. Nf3 Nc5 17. Qc2 Qf6 18. Be2 Nd7 19. Qa4 Nc6 20. b4 Nb6 21. Qd1 Rfd8 22. Ng5 h6 23. Nxe6 fxe6 24. Qd2 Kh8 25. Ng4 Qf4 26. Ne3 Qxe4 27. Rg4 Qh1+ 28. Bf1 Ne7 29. O-O-O Qc6 30. c4 Nbd5 31. Bd3 Nxe3 32. Qxe3 Nf5 33. Qd2 b5 34. Rdg1 Qd7 35. Kb1 Rg8 36. cxb5 axb5 37. Rg6 Qf7 38. h4 d5 39. Bc2 e4 40. Bb3 Ne7 41. R6g3 Nf5 42. Rg4 Qf6 43. Rf4 Qd4 44. Qe1 Qd3+ 45. Ka1 Qc3+ 46. Qxc3 Rxc3 47. Kb2 Rgc8 48. Re1 Nd4 49. Rf7 Nxb3 50. axb3 Rc2+ 51. Kb1 R2c7 52. Rf4 Ra8 53. Rg4 Rf7 54. Re2 Raf8 55. Rg2 Rf3 56. Kb2 R8f4 57. Rh2 h5 58. Rc2 d4 59. Ka3 d3 60. Rd2 Kh7 61. Kb2 Kg6 62. Kc3 e5 63. Rg2+ Kf6 64. Rh2 Rg4 65. Rh1 Rg2 66. Rf1 e3 67. fxe3 Rxf1 68. Rxg2 e4 69. Kd4 Rh1 70. Kxe4 Rxh4+ 71. Kd5 Rxb4 72. e4 Rxb3 73. e5+ Kf7 74. e6+ Kf8 75. Kd6 d2 76. Rxd2 h4 77. Kd7 Re3 78. Rf2+ Kg8 79. e7 Rd3+ 80. Kc6 Re3 81. Rf8+ Kh7 82. e8=Q Rxe8 83. Rxe8 g5 84. Kd5 Kg6 85. Ke4 b4 86. Rb8 b3 87. Rxb3 Kh5 88. Kf3 g4+ 89. Kf4 h3 90. Kg3 Kg5 91. Rb5+ 1-0

[Event "January 9 Early 2024"]
[Site "https://www.chess.com"]
[Date "2024.01.11"]
[Round "2"]
[White "Yeritsyan, Hayk"]
[Black "Bogaudinov, Rushan"]
[Result "1-0"]
[Board "328"]
[TimeControl "180+1"]
[WhiteFideId "13307320"]
[BlackFideId "4129288"]
[WhiteElo "2660"]
[BlackElo "2386"]
[WhiteTeam "ARM"]
[BlackTeam "RUS"]
[WhiteClock "0:00:13"]
[BlackClock "0:00:09"]

1. c4 e5 2. Nc3 Nf6 3. g3 g6 4. Bg2 Bg7 5. e4 O-O 6. d3 Nc6 7. Nge2 d6 8. O-O Nh5 9. h3 Nd4 10. Nxd4 exd4 11. Ne2 c5 12. g4 Nf6 13. f4 Ne8 14. Ng3 Qh4 15. Qe1 Rb8 16. a4 Bd7 17. Bd2 Bc6 18. Nf5 Qxe1 19. Ne7+ Kh8 20. Rfxe1 Bf6 21. Nxc6 bxc6 22. Bc1 Rb3 23. Rd1 Bd8 24. a5 Bc7 25. Kf1 Ng7 26. Ke2 Rfb8 27. Ra2 Ne6 28. Rf1 Kg7 29. Kd2 d5 30. exd5 Nxf4 31. Be4 cxd5 32. cxd5 Nxh3 33. Kc2 h6 34. d6 Bxd6 35. Bd5 R3b7 36. Bxb7 Rxb7 37. a6 Re7 38. Kd1 g5 39. Ra5 Nf4 40. Bxf4 Bxf4 41. Rb5 Re6 42. Rxc5 Rxa6 43. Ke2 Rb6 44. Rc2 Re6+ 45. Kf2 Re3 46. Rd1 Rg3 47. b4 Rxg4 48. b5 Be3+ 49. Kf3 Rf4+ 50. Kg2 Rf6 51. Ra1 Rb6 52. Rc5 Rb7 53. Ra6 h5 54. Kf3 g4+ 55. Kg3 Bd2 56. Rxh5 Be1+ 57. Kxg4 Re7 58. Rd5 Bc3 59. Rg5+ Kf8 60. Rf5 Kg7 61. Rc6 Rb7 62. Ra6 Bd2 63. Kf3 Be3 64. Ke4 Re7+ 65. Re5 Rc7 66. Rd5 Rb7 67. Rc6 Re7+ 68. Re5 Rb7 69. Rd6 Bf2 70. Red5 Re7+ 71. Kf3 Bg1 72. Rd7 Re6 73. Kg2 Rg6+ 74. Kf1 Be3 75. Rf5 Kh6 76. Rfxf7 Rb6 77. Rh7+ Kg6 78. Rdg7+ Kf6 79. Rb7 Re6 80. Rhc7 Re5 81. Rc6+ Kf5 82. Rf7+ Kg5 83. Rfc7 Rxb5 84. Rc5+ Rxc5 85. Rxc5+ Kf4 86. Ke2 Kg4 87. Ra5 Kf4 88. Rxa7 Kg4 89. Re7 Kf4 90. Re4+ Kf5 91. Kf3 Kg5 92. Re5+ Kf6 93. Ke4 Kf7 94. Kd5 Kf6 95. Re4 Kf5 96. Re8 Kf6 97. Kd6 Kf5 98. Re4 Bf2 99. Re2 Bg1 100. Kd5 Be3 101. Re1 Kf4 102. Rf1+ Kg4 103. Ke4 Kg3 104. Rf3+ Kg4 105. Rxe3 dxe3 106. Kxe3 Kf5 107. Kd4 Ke6 108. Kc5 Kd7 109. Kd5 Ke7 110. Kc6 Kd8 111. Kd6 Kc8 112. Ke7 Kc7 113. d4 Kc6 114. Ke6 Kc7 115. d5 Kd8 116. Kd6 Kc8 117. Ke7 Kc7 118. d6+ Kc8 119. d7+ Kb7 120. d8=Q Ka7 121. Qd5 Kb6 122. Qc4 Kb7 123. Qc5 Ka6 124. Qb4 Ka7 125. Kd7 Ka8 126. Kc7 Ka7 127. Qa4# 1-0

[Event "January 9 Early 2024"]
[Site "https://www.chess.com"]
[Date "2024.01.11"]
[Round "3"]
[White "Khegay, Yuliya"]
[Black "Waldhausen Gordon, Frederick"]
[Result "0-1"]
[Board "1"]
[TimeControl "180+1"]
[WhiteFideId "14205394"]
[BlackFideId "2409143"]
[WhiteElo "2198"]
[BlackElo "2540"]
[WhiteTeam "UZB"]
[BlackTeam "SCO"]
[WhiteClock "0:02:44"]
[BlackClock "0:02:42"]

1. b3 e5 2. Bb2 Nc6 3. e3 Nf6 4. Bb5 d6 5. d4 exd4 6. exd4 Bd7 7. d5 Ne5 8. Bxd7+ Nexd7 9. Nf3 Qe7+ 10. Kd2 Ne4+ 11. Kc1 Nxf2 12. Re1 Nxd1 13. Rxe7+ Bxe7 14. Kxd1 Bf6 15. c3 Nb6 16. Nbd2 Nxd5 17. Kc2 O-O-O 18. Rd1 Ne3+ 0-1

[Event "January 9 Early 2024"]
[Site "https://www.chess.com"]
[Date "2024.01.11"]
[Round "3"]
[White "Zhukov, Maksim"]
[Black "Smirnov, Timofey"]
[Result "1-0"]
[Board "2"]
[TimeControl "180+1"]
[WhiteFideId "34181790"]
[BlackFideId "24176427"]
[WhiteElo "2344"]
[BlackElo "1993"]
[WhiteTeam "RUS"]
[BlackTeam "RUS"]
[WhiteClock "0:02:37"]
[BlackClock "0:02:16"]

1. e4 e5 2. Nf3 Nf6 3. Nc3 Bb4 4. Nxe5 O-O 5. Nd3 Bxc3 6. dxc3 Nxe4 7. Be2 b6 8. O-O Bb7 9. Bf3 Nc6 10. Bxe4 d5 11. Bf3 Re8 12. Re1 Qd7 13. Be3 Ne5 14. Nxe5 Rxe5 15. Bd4 Re7 16. Rxe7 Qxe7 17. Qe1 Qf6 18. Bxf6 1-0

[Event "January 9 Early 2024"]
[Site "https://www.chess.com"]
[Date "2024.01.11"]
[Round "3"]
[White "Castellano, Christopher"]
[Black "Sasvatha A"]
[Result "1-0"]
[Board "3"]
[TimeControl "180+1"]
[WhiteFideId "5203651"]
[BlackFideId "45010862"]
[WhiteElo "2410"]
[BlackElo "2165"]
[WhiteTeam "PHI"]
[BlackTeam "IND"]
[WhiteClock "0:02:44"]
[BlackClock "0:02:08"]

1. d4 Nf6 2. Bf4 d6 3. Nc3 g6 4. e4 Nbd7 5. Nf3 Bg7 6. Qe2 O-O 7. O-O-O c6 8. e5 Nh5 9. Bg3 Nxg3 10. hxg3 Qa5 11. e6 Nf6 12. exf7+ Rxf7 13. Kb1 Bg4 14. Qe3 Bxf3 15. gxf3 Rff8 16. Bc4+ d5 17. Bd3 Rae8 18. Qe6+ Kh8 19. Bxg6 Qd8 1-0

[Event "January 9 Early 2024"]
[Site "https://www.chess.com"]
[Date "2024.01.11"]
[Round "3"]
[White "Potkin, Vladimir"]
[Black "Frayna, Janelle Mae"]
[Result "1-0"]
[Board "4"]
[TimeControl "180+1"]
[WhiteFideId "4131061"]
[BlackFideId "5212499"]
[WhiteElo "2670"]
[BlackElo "2458"]
[WhiteTeam "RUS"]
[BlackTeam "PHI"]
[WhiteClock "0:02:22"]
[BlackClock "0:01:57"]

1. Nf3 Nf6 2. c4 c6 3. Nc3 d5 4. e3 e6 5. b3 Nbd7 6. Bb2 Bd6 7. Qc2 O-O 8. Rg1 e5 9. g4 e4 10. g5 exf3 11. gxf6 Nxf6 12. cxd5 Be5 13. dxc6 bxc6 14. O-O-O c5 15. Bc4 Be6 16. Bxe6 fxe6 17. Rg5 Qd7 18. Rxe5 1-0

[Event "January 9 Early 2024"]
[Site "https://www.chess.com"]
[Date "2024.01.11"]
[Round "3"]
[White "Kopczynski, Michal"]
[Black "Demchenko, Anton"]
[Result "0-1"]
[Board "5"]
[TimeControl "180+1"]
[WhiteFideId "1124200"]
[BlackFideId "4160258"]
[WhiteElo "2522"]
[BlackElo "2921"]
[WhiteTeam "POL"]
[BlackTeam "SLO"]
[WhiteClock "0:01:58"]
[BlackClock "0:02:01"]

1. e4 c5 2. d4 d6 3. dxc5 Qa5+ 4. Nc3 Qxc5 5. Be3 Qa5 6. Qd2 Nf6 7. f3 a6 8. O-O-O e6 9. g4 b5 10. g5 Nfd7 11. Kb1 b4 12. Nce2 Nc6 13. f4 Bb7 14. Nf3 b3 15. cxb3 Nb4 16. a3 Bxe4+ 17. Kc1 Na2# 0-1

[Event "January 9 Early 2024"]
[Site "https://www.chess.com"]
[Date "2024.01.11"]
[Round "3"]
[White "Vestby-Ellingsen, Mads"]
[Black "Gruzman, Ilya"]
[Result "1-0"]
[Board "9"]
[TimeControl "180+1"]
[WhiteFideId "1520857"]
[BlackFideId "2812703"]
[WhiteElo "2610"]
[BlackElo "2408"]
[WhiteTeam "NOR"]
[BlackTeam "ISR"]
[WhiteClock "0:02:19"]
[BlackClock "0:01:17"]

1. e4 c5 2. Nf3 e6 3. d4 cxd4 4. Bg5 f6 5. Bc1 e5 6. c3 dxc3 7. Nxc3 Nc6 8. Bc4 Bb4 9. O-O Bxc3 10. bxc3 Nge7 11. Nh4 Na5 12. Bd5 Nxd5 13. Qxd5 Nc6 14. Nf5 Ne7 15. Nd6+ Kf8 16. Qf7# 1-0

[Event "January 9 Early 2024"]
[Site "https://www.chess.com"]
[Date "2024.01.11"]
[Round "3"]
[White "Klukin, Kirill"]
[Black "Zilleruelo Irizarry, Diego"]
[Result "1-0"]
[Board "11"]
[TimeControl "180+1"]
[WhiteFideId "24199273"]
[BlackFideId "3101460"]
[WhiteElo "2814"]
[BlackElo "2305"]
[WhiteTeam "RUS"]
[BlackTeam "PUR"]
[WhiteClock "0:02:05"]
[BlackClock "0:01:54"]

1. c4 e5 2. Nc3 Nf6 3. g3 Nc6 4. Bg2 Be7 5. e3 O-O 6. Nge2 d6 7. O-O Bg4 8. Rb1 Bf5 9. d3 Nb4 10. e4 Be6 11. a3 Nc6 12. b4 Nd4 13. Nxd4 exd4 14. Ne2 c5 15. bxc5 dxc5 16. Rxb7 Nd7 17. Nf4 Qc8 18. Nxe6 Qxb7 19. Nxf8 Rxf8 20. Bf4 Qb2 21. Qa4 Qb7 22. e5 Qc7 23. e6 Ne5 24. exf7+ Rxf7 25. Bd5 Bd6 26. Qe8+ 1-0

[Event "January 9 Early 2024"]
[Site "https://www.chess.com"]
[Date "2024.01.11"]
[Round "3"]
[White "Luukkonen, Tommi"]
[Black "Wu, Derek"]
[Result "1-0"]
[Board "12"]
[TimeControl "180+1"]
[WhiteFideId "501808"]
[BlackFideId "30914558"]
[WhiteElo "2325"]
[BlackElo "2656"]
[WhiteTeam "FIN"]
[BlackTeam "USA"]
[WhiteClock "0:02:02"]
[BlackClock "0:01:49"]

1. e4 c5 2. Nc3 Nc6 3. Bb5 Nd4 4. Nf3 a6 5. Bc4 e6 6. O-O b5 7. Bd3 Bb7 8. Re1 Nf6 9. b3 Be7 10. Bb2 Nxf3+ 11. Qxf3 O-O 12. Qh3 d6 13. f4 g6 14. e5 Nd5 15. Nxd5 Bxd5 16. c4 bxc4 17. bxc4 Bc6 18. Re3 d5 19. f5 dxc4 20. f6 Kh8 21. Qh6 Rg8 22. Qxh7+ 1-0

[Event "January 9 Early 2024"]
[Site "https://www.chess.com"]
[Date "2024.01.11"]
[Round "3"]
[White "Md, Sariatullah"]
[Black "Kuznecova, Marija"]
[Result "1-0"]
[Board "14"]
[TimeControl "180+1"]
[WhiteFideId "10207333"]
[BlackFideId "11618736"]
[WhiteElo "2219"]
[BlackElo "2392"]
[WhiteTeam "BAN"]
[BlackTeam "LAT"]
[WhiteClock "0:02:11"]
[BlackClock "0:01:45"]

1. e4 c5 2. Nf3 d6 3. d4 cxd4 4. Nxd4 Nf6 5. Nc3 a6 6. Bc4 e6 7. Bb3 Be7 8. g4 b5 9. g5 Nfd7 10. Bxe6 fxe6 11. Nxe6 Qa5 12. Nxg7+ Kf7 13. Nf5 Bb7 14. Qh5+ Kf8 15. g6 Bf6 16. Bh6+ Kg8 17. g7 Nc6 18. gxh8=Q+ Kxh8 19. Nxd6 Bxc3+ 20. Kd1 Nf6 21. Nf7+ Kg8 22. Rg1+ 1-0

[Event "January 9 Early 2024"]
[Site "https://www.chess.com"]
[Date "2024.01.11"]
[Round "3"]
[White "Eilenberg, Jonas"]
[Black "Bettalli, Francesco"]
[Result "1-0"]
[Board "15"]
[TimeControl "180+1"]
[WhiteFideId "16204271"]
[BlackFideId "2816453"]
[WhiteElo "2393"]
[BlackElo "2570"]
[WhiteTeam "GER"]
[BlackTeam "ITA"]
[WhiteClock "0:01:49"]
[BlackClock "0:01:33"]

1. d4 Nf6 2. Nc3 d5 3. Bf4 c5 4. e3 Qa5 5. dxc5 Nc6 6. Nf3 Bg4 7. a3 Qxc5 8. Nb5 O-O-O 9. b4 Bxf3 10. gxf3 Nxb4 11. axb4 Qxb4+ 12. c3 Qc5 13. Nxa7+ Kd7 14. Bb5+ Ke6 15. Qd4 Qxd4 16. cxd4 Nh5 17. Bc7 Rc8 18. Nxc8 1-0

[Event "January 9 Early 2024"]
[Site "https://www.chess.com"]
[Date "2024.01.11"]
[Round "3"]
[White "Pourkashiyan, Atousa"]
[Black "Guevara Sanchez, Erick Marvin"]
[Result "1-0"]
[Board "16"]
[TimeControl "180+1"]
[WhiteFideId "12502014"]
[BlackFideId "6700136"]
[WhiteElo "2484"]
[BlackElo "2212"]
[WhiteTeam "USA"]
[BlackTeam "ESA"]
[WhiteClock "0:01:38"]
[BlackClock "0:01:53"]

1. e4 c5 2. c3 e6 3. d4 d5 4. e5 Nc6 5. Nf3 Qb6 6. Be2 Nh6 7. O-O Nf5 8. dxc5 Bxc5 9. b4 Be7 10. Bd3 g6 11. Re1 h5 12. Bg5 Bd7 13. Nbd2 d4 14. Bxe7 Ncxe7 15. Ne4 dxc3 16. Nf6+ Kd8 17. Bxf5 Qc7 18. Be4 Kc8 19. Rc1 a5 20. Nxd7 Qxd7 21. Rxc3+ Nc6 22. b5 Qxd1 23. Rxd1 1-0

[Event "January 9 Early 2024"]
[Site "https://www.chess.com"]
[Date "2024.01.11"]
[Round "3"]
[White "Arslanov, Shamil"]
[Black "Martinez, Shawn"]
[Result "1-0"]
[Board "17"]
[TimeControl "180+1"]
[WhiteFideId "4192826"]
[BlackFideId "2039770"]
[WhiteElo "2637"]
[BlackElo "2435"]
[WhiteTeam "RUS"]
[BlackTeam "USA"]
[WhiteClock "0:01:48"]
[BlackClock "0:01:40"]

1. d4 d5 2. e4 dxe4 3. Nc3 Nf6 4. f3 exf3 5. Nxf3 Bf5 6. Ne5 c6 7. g4 Bg6 8. h4 Be4 9. Nxe4 Nxe4 10. Qf3 Nd6 11. Bf4 Nd7 12. O-O-O e6 13. Kb1 Be7 14. c4 O-O 15. Bd3 c5 16. Nxd7 Qxd7 17. dxc5 1-0

[Event "January 9 Early 2024"]
[Site "https://www.chess.com"]
[Date "2024.01.11"]
[Round "3"]
[White "Ratnesan, Ranesh"]
[Black "Pinero Rodriguez, Carlos Jose"]
[Result "0-1"]
[Board "18"]
[TimeControl "180+1"]
[WhiteFideId "439339"]
[BlackFideId "3901726"]
[WhiteElo "2287"]
[BlackElo "2557"]
[WhiteTeam "ENG"]
[BlackTeam "VEN"]
[WhiteClock "0:01:22"]
[BlackClock "0:01:47"]

1. d4 Nf6 2. c4 g6 3. g3 Bg7 4. Bg2 O-O 5. Nf3 d6 6. O-O Nbd7 7. Nc3 e5 8. e4 Re8 9. Re1 c6 10. h3 exd4 11. Nxd4 Nc5 12. f3 a5 13. Be3 Nfd7 14. Qc2 Ne5 15. b3 Ned3 16. Red1 Nb4 17. Qd2 Qe7 18. Bf2 h5 19. Bf1 Nba6 20. Be3 Nc7 21. Bg5 Bxd4+ 22. Qxd4 Qxg5 23. Qxd6 Qe7 24. Qxe7 Rxe7 0-1

[Event "January 9 Early 2024"]
[Site "https://www.chess.com"]
[Date "2024.01.11"]
[Round "3"]
[White "Flynn, Jacob"]
[Black "Shimanov, Aleksandr"]
[Result "0-1"]
[Board "19"]
[TimeControl "180+1"]
[WhiteFideId "2509393"]
[BlackFideId "4198603"]
[WhiteElo "2526"]
[BlackElo "2994"]
[WhiteTeam "IRL"]
[BlackTeam "RUS"]
[WhiteClock "0:00:42"]
[BlackClock "0:02:50"]

1. d4 d5 2. c4 e5 3. dxe5 Ne7 4. Nf3 Nbc6 5. cxd5 Qxd5 6. Nc3 Qxd1+ 7. Nxd1 Bg4 8. e3 Ng6 9. Be2 O-O-O 10. O-O Ngxe5 11. Nc3 Nxf3+ 12. gxf3 Bh3 13. Rd1 Bb4 14. Bd2 Rd6 15. Ne4 Rg6+ 16. Ng3 h5 17. Bd3 Rf6 18. Bxb4 Nxb4 19. Be4 h4 20. Ne2 Re6 21. Nf4 Rxe4 22. fxe4 Bg4 23. Rd2 Bf3 24. a3 Nc6 25. b4 Re8 26. b5 Ne5 27. Rc1 Bxe4 28. Kf1 Nf3 29. Rb2 Nxh2+ 30. Ke2 g5 31. Nd3 Bf3+ 32. Ke1 Ng4 33. Rbc2 Re7 34. Kd2 h3 35. Ne1 Be4 36. Rc4 h2 37. Nc2 Nxf2 38. Nb4 h1=Q 39. Rxh1 Nxh1 0-1

[Event "January 9 Early 2024"]
[Site "https://www.chess.com"]
[Date "2024.01.11"]
[Round "3"]
[White "Sychev, Klementy"]
[Black "Lopusiewicz, Piotr"]
[Result "1-0"]
[Board "20"]
[TimeControl "180+1"]
[WhiteFideId "4114060"]
[BlackFideId "1116029"]
[WhiteElo "2813"]
[BlackElo "2478"]
[WhiteTeam "FID"]
[BlackTeam "POL"]
[WhiteClock "0:01:29"]
[BlackClock "0:01:24"]

1. e4 e5 2. Nc3 Nc6 3. g3 Bc5 4. Bg2 a5 5. d3 d6 6. Nge2 Nge7 7. O-O Be6 8. h3 Qd7 9. Kh2 O-O 10. f4 f6 11. f5 Bf7 12. g4 d5 13. Ng3 h6 14. h4 a4 15. a3 Bd4 16. g5 Bxc3 17. bxc3 dxe4 18. gxf6 gxf6 19. Bxh6 Kh7 20. Bxf8 Rxf8 21. Nxe4 Be8 22. Qg4 Rg8 23. Nxf6+ 1-0

[Event "January 9 Early 2024"]
[Site "https://www.chess.com"]
[Date "2024.01.11"]
[Round "3"]
[White "Cordoba Roa, Angel Gabriel"]
[Black "Mrudul Dehankar"]
[Result "1-0"]
[Board "21"]
[TimeControl "180+1"]
[WhiteFideId "3957624"]
[BlackFideId "25096990"]
[WhiteElo "2641"]
[BlackElo "2435"]
[WhiteTeam "COL"]
[BlackTeam "IND"]
[WhiteClock "0:02:49"]
[BlackClock "0:00:21"]

1. e4 c6 2. d3 d5 3. Nd2 dxe4 4. dxe4 e5 5. Ngf3 Qc7 6. a4 Nf6 7. Bc4 Be7 8. O-O O-O 9. a5 Bg4 10. h3 Bh5 11. Qe1 Nbd7 12. Qe2 b5 13. axb6 axb6 14. Rxa8 Rxa8 15. c3 b5 16. Bb3 Nc5 17. Bc2 Ne6 18. Re1 Nf4 19. Qf1 Bc5 20. g3 Ne6 21. Kg2 Bg6 22. Nh4 Nh5 23. Ndf3 Rd8 24. Nf5 Nf6 25. Rd1 Rxd1 26. Qxd1 Qd6 27. Nxd6 1-0